 Dungeon Crawl Stone Soup version 0.30-b1-2-g02819fbbbe (webtiles) character file.

Game seed: 3887083311480519175

2856 HoaS the Skirmisher (level 9, -10/100 HPs)
             Began as a Demigod Hunter on May 16, 2023.
             Mangled by a two-headed ogre
             ... wielding a +0 giant club
              (15 damage)
             ... on level 8 of the Dungeon.
             The game lasted 00:16:13 (7969 turns).

HoaS the Skirmisher (Demigod Hunter)                Turns: 7969, Time: 00:16:14

Health: -10/100    AC: 24    Str: 12    XL:     9   Next: 23%
Magic:  11/11      EV:  2    Int: 11    God:
Gold:   199        SH:  5    Dex: 29    Spells: 8/8 levels left

rFire   . . .        (no weapon)
rCold   . . .        (no shield)
rNeg    . . .        y - melded +0 steam dragon scales
rPois   +            (helmet currently unavailable)
rElec   .            g - melded +0 cloak
rCorr   +            p - melded +2 pair of gloves
SInv    +            l - melded +1 pair of boots
Will    .....        i - amulet of reflection
Stlth   ++           m - ring of resist corrosion
HPRegen 0.36/turn    e - ring of see invisible
MPRegen 0.12/turn

%: reflection
@: tree-form
A: stationary, stasis, torment immunity, boosted hp, high MP 1, forlorn, divine
attributes
a: no special abilities


You were on level 8 of the Dungeon.
You were a tree.
You visited 1 branch of the dungeon, and saw 8 of its levels.

You collected 397 gold pieces.
You spent 198 gold pieces at shops.

Inventory:

Hand Weapons
 a - a +1 shortbow
Armour
 g - a +0 cloak (melded)
 l - a +1 pair of boots (melded)
 p - a +2 pair of gloves (melded)
 y - +0 steam dragon scales (melded)
Jewellery
 e - a ring of see invisible (right branch)
 i - an amulet of reflection (around neck)
 m - a ring of resist corrosion (left branch)
 n - a ring of protection from fire
Wands
 q - a wand of flame (19)
 t - a wand of mindburst (10)
 u - a wand of digging (7)
 v - a wand of acid (13)
 w - a wand of roots (11)
Scrolls
 b - 2 scrolls of immolation
 d - a scroll of teleportation
 f - a scroll of fear
 h - 3 scrolls of butterflies
 j - a scroll of fog
Potions
 c - 2 potions of heal wounds {unknown}
 o - 3 potions of curing
 r - 2 potions of cancellation
 s - a potion of mutation


   Skills:
 - Level 1.7 Fighting
 + Level 12.5 Ranged Weapons
 - Level 1.7 Dodging
 - Level 0.8 Stealth


You had 8 spell levels left.
You didn't know any spells.
Your spell library contained the following spells:

 Spells                   Type           Power      Damage    Failure   Level
 Ensorcelled Hibernation  Hex/Ice        0%         N/A       47%         2
 Lesser Beckoning         Tloc           0%         N/A       47%         2
 Passwall                 Tmut/Erth      0%         N/A       47%         2
 Scorch                   Fire           0%         2d5       47%         2
 Gell's Gravitas          Tloc           0%         N/A       71%         3
 Swiftness                Air            0%         N/A       71%         3
 Teleport Other           Tloc           0%         N/A       71%         3
 Flame Wave               Conj/Fire      0%         2d4       98%         4
 Summon Cactus Giant      Summ           0%         N/A       100%        6


Dungeon Overview and Level Annotations

Branches:
Dungeon (8/15)             Temple (0/1) D:7
   Lair: D:8-11

Shops:
D:3 [


Innate Abilities, Weirdness & Mutations

You are a tree.
Your roots penetrate the ground, keeping you stationary.
You cannot be teleported.
You are immune to unholy pain and torment.
Your maximum health is greatly increased.
Your equipment is partially melded.
You have an increased reservoir of magic. (+10% MP)
You shall have no god before yourself.
Your divine heritage dramatically boosts your attributes as you level up.


Message History

You feel sick.
A two-headed ogre comes into view.
It is wielding a +0 giant club and a +0 great mace.
You shoot an arrow. The arrow hits the orc priest.
The orc priest is severely wounded.
You feel sick. The orc priest closely misses you.
A slime creature comes into view.
The two-headed ogre hits you with a +0 giant club!
The two-headed ogre closely misses you.
You are too injured to fight recklessly!
You are too injured to fight recklessly!
As you read the scroll of teleportation, it crumbles to dust.
You feel strangely unstable.
You feel sick.
You are no longer poisoned.
The orc priest hits you but does no damage.
The two-headed ogre hits you with a +0 giant club!!
* * * LOW HITPOINT WARNING * * *
The two-headed ogre hits you with a +0 great mace!
* * * LOW HITPOINT WARNING * * *
Really quaff the potion of lignification?
You turn into a tree.
Your +0 cloak melds into your body.
Your +2 pair of gloves melds into your body.
Your +1 pair of boots melds into your body.
Your +0 steam dragon scales melds into your body.
Your roots penetrate the ground.
You feel strangely stable.
The orc priest hits you but does no damage.
You are now empty-handed.
You cannot move.
You hit the orc priest.
The orc priest is severely wounded.
You block the orc priest's attack.
The two-headed ogre hits you but does no damage. x2
You hit the orc priest.
You kill the orc priest!
The two-headed ogre hits you but does no damage. x2
You hit the two-headed ogre.
The two-headed ogre is lightly wounded.
You completely miss the two-headed ogre.
The two-headed ogre is lightly wounded.
The two-headed ogre hits you with a +0 giant club!
You die...

.......#####≈≈...#
#....###..##
≈~≈≈≈≈≈≈≈≈≈≈≈≈.#.#
#..#..##..##
≈~≈≈≈≈≈≈≈≈≈≈≈≈.#.#
#.###......#
.................# ###
##..###. ..##########.....#
#..# ..##### #...#...##
######..## #.....##...###..##
#..##....# ..##...#### #...#
###......### .####.### #
#..♣# ###....... .#
##..#..####.)OJ# #...###. ##
#.......###..#...# ###....##
#.#...#......#.#[###.......#.
#.###......### . #...##......
#.## ##...## ###..###.....#
#..####....## #.........##
##...........# ##....####^. #
#..###.....# #. ##..## ..


You could see a slime creature and a two-headed ogre.

Vanquished Creatures
  Pikel (D:6)
  Maggie (D:6)
  Sigmund (D:2)
  A steam dragon (D:8)
  An acid dragon (D:8)
  A water moccasin (D:6)
  An orc warrior (D:8)
  A sky beast (D:8)
  2 ice beasts
  An ogre (D:5)
  2 lemures (D:6)
  2 phantoms (D:4)
  2 kobold brigands
  A scorpion (D:5)
  5 killer bees (D:6)
  4 hounds
  2 orc priests
  Ijyb (D:5)
  A jelly (D:8)
  Crazy Yiuf (D:3)
  Jessica (D:3)
  4 iguanas
  A sleepcap (D:6)
  4 adders
  7 gnolls
  A shadow imp (D:7)
  A white imp (D:7)
  2 ufetubi
  4 dart slugs
  17 orcs
  A bat (D:3)
  11 endoplasms
  2 giant cockroaches
  8 goblins
  8 hobgoblins
  3 quokkas
  8 ball pythons
  2 frilled lizards
  11 kobolds
  7 rats
135 creatures vanquished.

Vanquished Creatures (others)
  5 toadstools (D:3)
5 creatures vanquished.

Grand Total: 140 creatures vanquished

Notes
Turn   | Place    | Note
-------+----------+-------------------------------------------
     0 | D:1      | HoaS the Demigod Hunter began the quest for the Orb.
     0 | D:1      | Reached XP level 1. HP: 17/17 MP: 3/3
   185 | D:1      | Reached skill level 4 in Ranged Weapons
   201 | D:1      | Reached XP level 2. HP: 24/24 MP: 4/4
   844 | D:2      | Noticed Sigmund
  1397 | D:2      | Reached XP level 3. HP: 23/29 MP: 5/5
  1602 | D:3      | Noticed Jessica
  1611 | D:3      | Killed Jessica
  1612 | D:3      | Reached skill level 5 in Ranged Weapons
  1700 | D:3      | Reached XP level 4. HP: 36/36 MP: 6/6
  1889 | D:3      | Found a runed translucent door.
  1890 | D:3      | Noticed Crazy Yiuf
  1951 | D:3      | Found Ziusal's Armour Boutique.
  3224 | D:3      | Killed Crazy Yiuf
  3342 | D:4      | Noticed a phantom
  3352 | D:4      | Killed a phantom
  3353 | D:4      | Reached skill level 6 in Ranged Weapons
  3353 | D:4      | Reached XP level 5. HP: 38/41 MP: 7/7
  3593 | D:4      | Reached XP level 6. HP: 48/48 MP: 8/8
  3659 | D:4      | Reached skill level 7 in Ranged Weapons
  4357 | D:2      | Killed Sigmund
  4455 | D:5      | Entered Level 5 of the Dungeon
  4510 | D:3      | Bought a +2 pair of gloves for 198 gold pieces
  4606 | D:5      | Reached skill level 8 in Ranged Weapons
  4609 | D:5      | Reached XP level 7. HP: 53/53 MP: 9/9
  4850 | D:5      | Noticed Ijyb
  4861 | D:5      | Killed Ijyb
  5318 | D:5      | Reached skill level 9 in Ranged Weapons
  5865 | D:6      | Noticed Pikel
  6709 | D:6      | Killed Pikel
  6710 | D:6      | Reached skill level 10 in Ranged Weapons
  6710 | D:6      | Reached XP level 8. HP: 60/60 MP: 10/10
  6807 | D:7      | Found a staircase to the Ecumenical Temple.
  6850 | D:7      | Reached skill level 11 in Ranged Weapons
  6860 | D:7      | Noticed Maggie
  7049 | D:6      | Killed Maggie
  7735 | D:8      | Reached skill level 12 in Ranged Weapons
  7735 | D:8      | Reached XP level 9. HP: 63/67 MP: 11/11
  7961 | D:8      | Noticed a two-headed ogre
  7963 | D:8      | HP: 2/67 [two-headed ogre/+0 giant club (11)]
  7969 | D:8      | Mangled by a two-headed ogre

Illustrated notes

Levels and vault maps discovered:
D:1:      minmay_arrival_doors, layout_loops_corners
D:2:      layout_loops_corners, chequers_ecumenical_altar_grove, uniq_sigmund
D:3:      layout_loops_ring, serial_shops, nicolae_shop_back_alley_shop,
          minmay_gold_behind_fungi, uniq_jessica, uniq_crazy_yiuf_cottage
D:4:      layout_gridville
D:5:      layout_basic, uniq_ijyb
D:6:      layout_basic, pdpol_temple_overflow_zin_treasury_gozag_greed,
          uniq_pikel
D:7:      layout_rooms, kennysheep_ying_yang, temple_fountains, uniq_maggie
D:8:      layout_layer_cave, dpeg_oklobed_lair, gammafunk_ghost_gnarly_gnolls,
          hangedman_minor_gate_pass

Skill      XL: |  1  2  3  4  5  6  7  8 |
---------------+-------------------------+-----
Ranged Weapons | 4 5 6 8 10 12 | 12.5
Fighting       | |  1.7
Dodging        | |  1.7
Stealth        | |  0.8

Action                     |  1- 3 |  4- 6 |  7- 9 || total
---------------------------+-------+-------+-------++-------
  Melee: Unarmed           |       |       |    57 ||    57
   Fire: Shortbow          |   107 |   155 |   231 ||   493
    Use: Scroll            |       |    11 |     7 ||    18
         Potion            |       |       |     4 ||     4
 Armour: Leather armour    |    10 |    15 |    26 ||    51
         Skin              |       |       |    15 ||    15
         Steam dragon scal |       |       |    19 ||    19
  Dodge: Dodged            |    21 |    42 |   106 ||   169
  Block: Other             |       |       |    37 ||    37
         Reflection        |       |       |     1 ||     1
